AoeStats
← thomasphuong.le

MegaRandom

506914988Analyzed
1v1 RM · 18d ago on Sep 15, 2026· 47m 49s· 2 players
Game mode
Random Map
Map size
Tiny (2 player)
Population
200
Speed
Normal
Resources
Standard
Victory
Conquest
Starting age
Dark Age
Ending age
Imperial Age
RankedLock teamsTeams togetherTeam positionsShared explorationLock speedFull tech treeHidden civsTurbo modeCheats
Victory
Defeat
🇬🇧 Jurchens · United Kingdom
1149
+16
🇫🇷 Vietnamese · France
1143
-16
thomasphuong.le
3:58 Loom
16:04 Feudal Age
18:28 Fletching
26:05 Castle Age
27:24 Scale Mail Armor
27:40 Squires
33:44 Bodkin Arrow
35:36 Padded Archer Armor
35:58 Horse Collar
Jms
5:30 Loom
13:18 Feudal Age
17:00 Fletching
25:17 Castle Age
30:17 Wheelbarrow
33:31 Town Watch
35:21 Double-Bit Axe
36:38 Elite Skirmisher
38:06 Bow Saw
40:11 Town Patrol
47:39 Imperial Age
46:48 Horse Collar
47:12 Bodkin Arrow
47:19 Padded Archer Armor
47:45 Light Cavalry
48:35 Bloodlines
Connection lost

Rejoining the realm…

Still unreachable

The connection could not be restored.

Session expired

The server has moved on; the page needs a fresh start.